Canucks vs Blues
(R1)
Created - 27 septembre 2014 at 19:31
Goals
|
Canucks |
0 |
3 |
0 |
3 |
Blues |
2 |
3 |
1 |
6 |
|
Shots
|
Canucks |
13 |
9 |
7 |
29 |
Blues |
11 |
16 |
8 |
35 |
|
1st period
1. Blues , Paul Kariya 3 (Marian Hossa) at 6:34
2. Blues , David Perron 2 (Travis Zajac, Dan Boyle) at 12:00 (PP)
Penalties :
Steve Montador (Van) for Hooking (Minor) at 10:32
2nd period
3. Blues , Nik Antropov 1 (Marian Hossa, Travis Zajac) at 0:31
4. Blues , Paul Kariya 4 (Marian Hossa, Dan Boyle) at 0:55 (PP)
5. Blues , Sergei Shirokov 1 (Andrew Cogliano, Dan Boyle) at 5:06 (PP)
6. Canucks , David Jones 1 (Clarke MacArthur, Jaromir Jagr) at 7:28
7. Canucks , Sami Lepisto 1 (David Jones, Joe Sakic) at 8:52 (PP)
8. Canucks , Fabian Brunnstrom 1 (Jaromir Jagr, Chris Phillips) at 11:53 (PP)
Penalties :
Peter Worrell (Van) for Hooking (Minor) at 0:34, Alex Tanguay (Van) for Hooking (Minor) at 4:31, Paul Kariya (STL) for Hooking (Minor) at 7:42, Marian Hossa (STL) for Fighting (Major) at 11:24, Peter Worrell (Van) for Fighting (Major) at 11:24, Dan Boyle (STL) for Tripping (Minor) at 11:42, Brian Lee (STL) for Hooking (Minor) at 16:39
3rd period
9. Blues , Paul Kariya 5 (Joe Corvo, Marian Hossa) at 9:03
Penalties :
Peter Worrell (Van) for Slashing (Minor) at 1:06, Matt Stajan (Van) for Holding (Minor) at 4:15, Nils Ekman (Van) for Charging (Minor) at 14:07, Joe Sakic (Van) for Holding Stick (Minor) at 18:21, Maxim Lapierre (Van) for Holding (Minor) at 19:57
Goalie Stats
Carey Price (Van), 11 saves from 15 shots - (0,733), L, 0-2-1, 20:55 minutes
José Theodore (Van), 18 saves from 20 shots - (0,900), 39:05 minutes
Tuukka Rask (STL), 26 saves from 29 shots - (0,897), W, 3-0-0, 60:00 minutes
Players Stats for Canucks
Player Name G A P +/- PIM S H SB GA TA FO MP PP MP PK MP
------------------------------------------------------------------------------------
Alex Tanguay 0 0 0 0 2 0 1 0 0 0 0/0 9:48 0:00 1:20
Andy Rogers 0 0 0 -2 0 0 1 3 0 0 0/0 12:59 0:00 0:00
Brandon Dubinsky 0 0 0 0 0 0 2 0 1 0 0/3 8:54 0:00 1:10
Chris Phillips 0 1 1 1 0 2 2 1 0 1 0/0 27:22 2:07 7:09
Clarke MacArthur 0 1 1 -1 0 1 0 0 0 0 0/1 14:50 1:33 0:27
David Jones 1 1 2 -1 0 3 2 1 0 0 0/0 14:23 1:33 0:00
Fabian Brunnstrom 1 0 1 -1 0 5 3 0 1 0 0/0 11:47 0:11 0:00
Jaromir Jagr 0 2 2 0 0 3 0 0 0 0 9/15 23:22 1:47 6:16
Jeremy Williams 0 0 0 -1 0 2 1 1 0 0 0/0 10:37 0:00 0:00
Joe Sakic 0 1 1 -1 2 1 3 0 1 0 4/10 16:12 1:33 1:39
Kim Johnsson 0 0 0 -1 0 2 0 1 0 1 0/0 19:39 1:13 2:50
Matt Stajan 0 0 0 0 2 2 0 2 0 0 16/29 22:25 1:47 5:09
Maxim Lapierre 0 0 0 -1 2 3 1 0 0 0 4/4 13:03 0:00 2:18
Nils Ekman 0 0 0 0 2 0 0 0 0 1 1/1 7:49 0:00 0:00
Peter Worrell 0 0 0 0 9 0 4 0 0 0 2/4 16:41 1:36 1:36
Sami Lepisto 1 0 1 -1 0 2 0 1 0 0 0/0 19:39 1:13 2:50
Steve Montador 0 0 0 1 2 3 3 0 0 1 0/0 26:07 2:07 5:55
Taylor Chorney 0 0 0 -2 0 0 0 1 0 0 0/0 14:13 0:00 1:14
Players Stats for Blues
Player Name G A P +/- PIM S H SB GA TA FO MP PP MP PK MP
------------------------------------------------------------------------------------
Andrew Cogliano 0 1 1 0 0 1 2 0 0 0 2/6 13:18 1:09 0:44
Brian Lee 0 0 0 3 2 2 2 1 1 1 0/0 19:27 3:26 1:05
Bryce Lampman 0 0 0 0 0 1 1 3 0 0 0/0 19:45 0:00 1:44
Dan Boyle 0 3 3 0 2 3 1 1 0 0 0/0 28:48 6:33 0:27
David Perron 1 0 1 1 0 5 1 0 0 0 1/2 17:33 4:11 0:29
Drew Fata 0 0 0 -1 0 0 0 0 0 0 0/0 12:28 0:00 1:26
Joe Corvo 0 1 1 3 0 0 1 1 0 0 0/0 23:58 6:33 1:09
Kevin Porter 0 0 0 0 0 0 0 0 0 0 1/1 7:36 0:00 0:00
Kevin Shattenkirk 0 0 0 -1 0 0 0 2 0 0 0/0 15:46 3:26 0:49
Marcel Hossa 0 0 0 0 0 2 1 0 0 0 0/0 11:00 0:25 0:00
Marian Hossa 0 4 4 1 5 4 2 0 1 0 1/2 20:07 5:14 0:44
Mikael Samuelsson 0 0 0 0 0 1 0 1 0 0 0/0 11:09 0:34 0:00
Nigel Dawes 0 0 0 0 0 0 1 0 0 0 0/0 8:13 0:00 0:00
Nik Antropov 1 0 1 1 0 3 0 0 0 0 12/22 18:52 5:14 2:07
Paul Kariya 3 0 3 1 2 7 6 0 1 0 0/1 21:13 5:23 0:00
Sergei Shirokov 1 0 1 1 0 5 2 0 1 1 0/0 18:43 4:11 2:07
T.J. Oshie 0 0 0 0 0 0 0 0 0 0 0/0 8:19 0:00 0:29
Travis Zajac 0 2 2 1 0 1 2 0 0 1 14/33 20:21 3:36 0:00
3 Stars
1 - Paul Kariya (STL)
2 - David Jones (Van)
3 - Marian Hossa (STL)
Power Play
Canucks - 2 on 3 Attempt(s) - 66,67%
Blues - 3 on 8 Attempt(s) - 37,50%
Penalty Kill
Canucks - 5 on 8 Attempt(s) - 62,50%
- Score 0 goal in Penalty Kill
Blues - 1 on 3 Attempt(s) - 33,33%
- Score 0 goal in Penalty Kill
Official
Referees : McCreary Bill and Ciamaga Chris
Linesman : David Brisebois and Dan Schachte
Game Notes
José Theodore enters game at 0:55 of 2nd period
Marian Hossa beats up Peter Worrell at 11:24 of 2nd period
11:39 of 2nd period - Canucks goal is going for a video replay. After video review, No Goal. The net was displaced accidentally.
Paul Kariya has scored a Hat Trick!
Finance
Level 1 -- Attendance: 5465 (91,08%) -- Ticket Income 459 060 $
Level 2 -- Attendance: 4642 (92,84%) -- Ticket Income 241 384 $
Level 3 -- Attendance: 1814 (90,70%) -- Ticket Income 54 420 $
Level 4 -- Attendance: 3791 (94,78%) -- Ticket Income 72 029 $
Luxury Box -- Attendance: 886 (88,60%) -- Ticket Income 149 734 $
Game was played at the Scotttrade center
Total Attendance: 16598 (92,21%)
Total Ticket Income: 976 627 $
Other Income: 146 494 $
Total Income: 1 123 121 $
Canucks
5 vs 5 Forward
Center Left Wing Right Wing Time % Phy DF OF
1 Matt Stajan Peter Worrell Jaromir Jagr 40 0 3 2
2 Joe Sakic Clarke MacArthur David Jones 30 1 2 2
3 Maxim Lapierre Fabian Brunnstrom Jeremy Williams 20 1 2 2
4 Brandon Dubinsky Alex Tanguay Nils Ekman 10 1 2 2
5 vs 5 Defense
Defense Defense Time % Phy DF OF
1 Steve Montador Chris Phillips 40 0 3 2
2 Kim Johnsson Sami Lepisto 30 0 3 2
3 Andy Rogers Taylor Chorney 20 0 3 2
4 Steve Montador Chris Phillips 10 0 3 2
PowerPlay Forward
Center Left Wing Right Wing Time % Phy DF OF
1 Matt Stajan Peter Worrell Jaromir Jagr 60 1 2 2
2 Joe Sakic Clarke MacArthur David Jones 40 1 2 2
PowerPlay Defense
Defense Defense Time % Phy DF OF
1 Steve Montador Chris Phillips 60 1 2 2
2 Kim Johnsson Sami Lepisto 40 1 2 2
Penalty Kill 4 Players Forward
Center Wing Time % Phy DF OF
1 Jaromir Jagr Matt Stajan 60 1 2 2
2 Peter Worrell Joe Sakic 40 1 2 2
Penalty Kill 4 Players Defense
Defense Defense Time % Phy DF OF
1 Steve Montador Chris Phillips 60 1 2 2
2 Kim Johnsson Sami Lepisto 40 1 2 2
Penalty Kill - 3 Players Forward
Forward Time % Phy DF OF
1 Jaromir Jagr 60 1 2 2
2 Matt Stajan 40 1 2 2
Penalty Kill - 3 Players Defense
Defense Defense Time % Phy DF OF
1 Steve Montador Chris Phillips 60 1 2 2
2 Kim Johnsson Sami Lepisto 40 1 2 2
4 vs 4 Forward
Center Wing Time % Phy DF OF
1 Jaromir Jagr Matt Stajan 60 1 2 2
2 Peter Worrell Joe Sakic 40 1 2 2
4 vs 4 Defense
Defense Defense Time % Phy DF OF
1 Steve Montador Chris Phillips 60 1 2 2
2 Kim Johnsson Sami Lepisto 40 1 2 2
Last Minutes Offensive
Center Left Wing Right Wing Defense Defense
Matt Stajan Peter Worrell Jaromir Jagr Steve Montador Chris Phillips
Last Minutes Defensive
Center Left Wing Right Wing Defense Defense
Matt Stajan Peter Worrell Jaromir Jagr Steve Montador Chris Phillips
Goaltenders
Starting : Carey Price
Backup : José Theodore
Extra Forwards
Normal : Fabian Brunnstrom, Alex Tanguay, Maxim Lapierre - PP : Fabian Brunnstrom, Alex Tanguay - PK : Maxim Lapierre
Extra Defensemen
Normal : Andy Rogers, Taylor Chorney, Kim Johnsson - PP : Andy Rogers - PK : Taylor Chorney, Kim Johnsson
Penalty Shots
Jaromir Jagr, Matt Stajan, Peter Worrell, Joe Sakic, Clarke MacArthur
Blues
5 vs 5 Forward
Center Left Wing Right Wing Time % Phy DF OF
1 Travis Zajac Paul Kariya Marian Hossa 40 1 2 2
2 Nik Antropov David Perron Sergei Shirokov 30 1 2 2
3 Andrew Cogliano Marcel Hossa Mikael Samuelsson 20 1 2 2
4 Kevin Porter Nigel Dawes T.J. Oshie 10 1 2 2
5 vs 5 Defense
Defense Defense Time % Phy DF OF
1 Dan Boyle Bryce Lampman 40 1 2 2
2 Joe Corvo Brian Lee 30 1 2 2
3 Drew Fata Kevin Shattenkirk 20 1 2 2
4 Dan Boyle Joe Corvo 10 1 2 2
PowerPlay Forward
Center Left Wing Right Wing Time % Phy DF OF
1 Nik Antropov Paul Kariya Marian Hossa 60 1 2 2
2 Travis Zajac David Perron Sergei Shirokov 40 1 2 2
PowerPlay Defense
Defense Defense Time % Phy DF OF
1 Dan Boyle Joe Corvo 60 1 2 2
2 Brian Lee Kevin Shattenkirk 40 1 2 2
Penalty Kill 4 Players Forward
Center Wing Time % Phy DF OF
1 Nik Antropov Sergei Shirokov 60 1 2 2
2 Andrew Cogliano Marian Hossa 40 1 2 2
Penalty Kill 4 Players Defense
Defense Defense Time % Phy DF OF
1 Bryce Lampman Brian Lee 60 1 2 2
2 Drew Fata Joe Corvo 40 1 2 2
Penalty Kill - 3 Players Forward
Forward Time % Phy DF OF
1 Nik Antropov 60 1 2 2
2 Paul Kariya 40 1 2 2
Penalty Kill - 3 Players Defense
Defense Defense Time % Phy DF OF
1 Bryce Lampman Kevin Shattenkirk 60 1 2 2
2 Dan Boyle Drew Fata 40 1 2 2
4 vs 4 Forward
Center Wing Time % Phy DF OF
1 Travis Zajac Paul Kariya 60 1 2 2
2 Nik Antropov Marian Hossa 40 1 2 2
4 vs 4 Defense
Defense Defense Time % Phy DF OF
1 Dan Boyle Bryce Lampman 60 1 2 2
2 Brian Lee Joe Corvo 40 1 2 2
Last Minutes Offensive
Center Left Wing Right Wing Defense Defense
Nik Antropov Paul Kariya Marian Hossa Dan Boyle Brian Lee
Last Minutes Defensive
Center Left Wing Right Wing Defense Defense
Nik Antropov Paul Kariya Marian Hossa Drew Fata Bryce Lampman
Goaltenders
Starting : Tuukka Rask
Backup : Cory Schneider
Extra Forwards
Normal : Andrew Cogliano, David Perron, Nigel Dawes - PP : Andrew Cogliano, David Perron - PK : T.J. Oshie
Extra Defensemen
Normal : Brian Lee, Kevin Shattenkirk, Bryce Lampman - PP : Brian Lee - PK : Kevin Shattenkirk, Bryce Lampman
Penalty Shots
David Perron, Sergei Shirokov, Marian Hossa, Nik Antropov, Paul Kariya
% Time on Ice - Canucks
Lines # - Real PCT - Wanted PCT - Time Play
Normal Forward
1 - 33% - 40% - 15:30
2 - 27% - 30% - 12:50
3 - 23% - 20% - 10:37
4 - 17% - 10% - 7:44
Normal Defense
1 - 34% - 40% - 15:53
2 - 33% - 30% - 15:36
3 - 28% - 20% - 12:59
4 - 5% - 10% - 2:13
PP Forward
1 - 54% - 60% - 1:47
2 - 47% - 40% - 1:33
PP Defense
1 - 64% - 60% - 2:07
2 - 37% - 40% - 1:13
PK Forward
1 - 78% - 60% - 7:43
2 - 22% - 40% - 2:14
PK Defense
1 - 72% - 60% - 7:07
2 - 28% - 40% - 2:50
PK3 Forward
1 - 100% - 60% - 0:02
2 - 0% - 40% - 0:00
PK3 Defense
1 - 100% - 60% - 0:02
2 - 0% - 40% - 0:00
44 Forward
1 - 0% - 60%
2 - 0% - 40%
44 Defense
1 - 0% - 60%
2 - 0% - 40%
Last Minute Offensive - 0:00
Last Minute Defensive - 0:00
Total
Forward - 60:00
Defense - 60:00
|
% Time on Ice - Blues
Lines # - Real PCT - Wanted PCT - Time Play
Normal Forward
1 - 35% - 40% - 16:15
2 - 27% - 30% - 12:25
3 - 22% - 20% - 10:25
4 - 16% - 10% - 7:36
Normal Defense
1 - 39% - 40% - 18:17
2 - 32% - 30% - 14:49
3 - 21% - 20% - 9:41
4 - 8% - 10% - 3:54
PP Forward
1 - 58% - 60% - 5:48
2 - 42% - 40% - 4:11
PP Defense
1 - 66% - 60% - 6:33
2 - 34% - 40% - 3:26
PK Forward
1 - 78% - 60% - 2:36
2 - 22% - 40% - 0:44
PK Defense
1 - 66% - 60% - 2:11
2 - 35% - 40% - 1:09
PK3 Forward
1 - 0% - 60%
2 - 0% - 40%
PK3 Defense
1 - 0% - 60%
2 - 0% - 40%
44 Forward
1 - 0% - 60%
2 - 0% - 40%
44 Defense
1 - 0% - 60%
2 - 0% - 40%
Last Minute Offensive - 0:00
Last Minute Defensive - 0:00
Total
Forward - 60:00
Defense - 60:00
|
Play by Play
1st period
0:01 of 1st period - Peter Worrell wins face-off versus Travis Zajac in neutral zone.
0:04 of 1st period - Dan Boyle is hit by Peter Worrell and loses puck.
0:54 of 1st period - Snap shot by Matt Stajan.
0:54 of 1st period - Shot Misses the Net.
0:58 of 1st period - Slapshot by Peter Worrell.
0:58 of 1st period - Deflect By Jaromir Jagr.
0:58 of 1st period - Shot Misses the Net.
0:58 of 1st period - Puck is out of play.
0:59 of 1st period - Joe Sakic wins face-off versus David Perron in Blues zone.
1:41 of 1st period - Slapshot by Clarke MacArthur.
1:41 of 1st period - Shot Blocked by Brian Lee.
1:43 of 1st period - Slapshot by Steve Montador.
1:43 of 1st period - Stopped by Tuukka Rask with a rebound.
1:47 of 1st period - Wrist shot by Joe Sakic.
1:47 of 1st period - Stopped by Tuukka Rask without a rebound.
1:48 of 1st period - Maxim Lapierre wins face-off versus Travis Zajac in Blues zone.
2:13 of 1st period - Drew Fata is hit by Brandon Dubinsky and loses puck.
2:22 of 1st period - Snap shot by Nils Ekman.
2:22 of 1st period - Shot Misses the Net.
3:51 of 1st period - Backhand shot by Brandon Dubinsky.
3:51 of 1st period - Shot Blocked by Bryce Lampman.
4:13 of 1st period - Snap shot by Jaromir Jagr.
4:13 of 1st period - Stopped by Tuukka Rask with a rebound.
4:46 of 1st period - Sami Lepisto is hit by Paul Kariya and loses puck.
4:59 of 1st period - Brian Lee is hit by Fabian Brunnstrom and loses puck.
5:48 of 1st period - Wrist shot by Marian Hossa.
5:48 of 1st period - Stopped by Carey Price without a rebound.
5:49 of 1st period - Travis Zajac wins face-off versus Brandon Dubinsky in Canucks zone.
5:56 of 1st period - Slapshot by Marian Hossa.
5:56 of 1st period - Deflect By Paul Kariya.
5:56 of 1st period - Shot Blocked by Taylor Chorney.
5:56 of 1st period - Puck is out of play.
5:57 of 1st period - Maxim Lapierre wins face-off versus Travis Zajac in Canucks zone.
6:04 of 1st period - Snap shot by Maxim Lapierre.
6:04 of 1st period - Stopped by Tuukka Rask without a rebound.
6:05 of 1st period - Maxim Lapierre wins face-off versus Travis Zajac in Blues zone.
6:16 of 1st period - Slapshot by Maxim Lapierre.
6:16 of 1st period - Shot Misses the Net.
6:18 of 1st period - Slapshot by Steve Montador.
6:18 of 1st period - Stopped by Tuukka Rask without a rebound.
6:19 of 1st period - Joe Sakic wins face-off versus Travis Zajac in Blues zone.
6:34 of 1st period - Snap shot by Paul Kariya.
6:34 of 1st period - Goal by Paul Kariya - Canucks : 0 - Blues : 1.
6:35 of 1st period - Matt Stajan wins face-off versus Nik Antropov in neutral zone.
6:42 of 1st period - Snap shot by Matt Stajan.
6:42 of 1st period - Deflect By Jaromir Jagr.
6:42 of 1st period - Stopped by Tuukka Rask without a rebound.
6:43 of 1st period - Matt Stajan wins face-off versus Nik Antropov in Blues zone.
8:06 of 1st period - Snap shot by Jaromir Jagr.
8:06 of 1st period - Stopped by Tuukka Rask with a rebound.
8:08 of 1st period - Snap shot by Steve Montador.
8:08 of 1st period - Stopped by Tuukka Rask without a rebound.
8:09 of 1st period - Travis Zajac wins face-off versus Joe Sakic in Blues zone.
8:14 of 1st period - Andy Rogers is hit by Paul Kariya.
8:39 of 1st period - Snap shot by Kevin Porter.
8:39 of 1st period - Shot Blocked by Andy Rogers.
9:18 of 1st period - Slapshot by Joe Sakic.
9:18 of 1st period - Shot Misses the Net.
9:20 of 1st period - Slapshot by Kim Johnsson.
9:20 of 1st period - Stopped by Tuukka Rask with a rebound.
9:22 of 1st period - Slapshot by Sami Lepisto.
9:22 of 1st period - Shot Blocked by Joe Corvo.
9:45 of 1st period - Slapshot by Nigel Dawes.
9:45 of 1st period - Shot Misses the Net.
10:18 of 1st period - Dan Boyle is hit by Steve Montador and loses puck.
10:32 of 1st period - Minor Penalty to Steve Montador for Hooking.
10:33 of 1st period - Jaromir Jagr wins face-off versus Marian Hossa in Canucks zone.
10:42 of 1st period - Wrist shot by Matt Stajan.
10:42 of 1st period - Shot Misses the Net.
10:45 of 1st period - Icing by Dan Boyle.
10:46 of 1st period - Nik Antropov wins face-off versus Jaromir Jagr in Blues zone.
10:57 of 1st period - Wrist shot by Marian Hossa.
10:57 of 1st period - Stopped by Carey Price without a rebound.
10:58 of 1st period - Nik Antropov wins face-off versus Jaromir Jagr in Canucks zone.
11:23 of 1st period - Taylor Chorney is hit by David Perron and loses puck.
11:30 of 1st period - Wrist shot by David Perron.
11:30 of 1st period - Stopped by Carey Price without a rebound.
11:31 of 1st period - Jaromir Jagr wins face-off versus Nik Antropov in Canucks zone.
11:31 of 1st period - Jaromir Jagr is hit by Paul Kariya.
11:44 of 1st period - Off-side.
11:45 of 1st period - Travis Zajac wins face-off versus Peter Worrell in neutral zone.
12:00 of 1st period - Wrist shot by David Perron.
12:00 of 1st period - Goal by David Perron - Canucks : 0 - Blues : 2.
12:01 of 1st period - Travis Zajac wins face-off versus Matt Stajan in neutral zone.
12:06 of 1st period - Slapshot by Marian Hossa.
12:06 of 1st period - Stopped by Carey Price without a rebound.
12:07 of 1st period - Matt Stajan wins face-off versus Travis Zajac in Canucks zone.
12:07 of 1st period - Matt Stajan is hit by Marian Hossa.
12:19 of 1st period - Snap shot by Matt Stajan.
12:19 of 1st period - Shot Blocked by Bryce Lampman.
12:58 of 1st period - Wrist shot by Nik Antropov.
12:58 of 1st period - Shot Misses the Net.
13:45 of 1st period - Sami Lepisto is hit by Paul Kariya and loses puck.
14:04 of 1st period - Slapshot by Brian Lee.
14:04 of 1st period - Stopped by Carey Price without a rebound.
14:05 of 1st period - Joe Sakic wins face-off versus Andrew Cogliano in Canucks zone.
14:14 of 1st period - Snap shot by Joe Sakic.
14:14 of 1st period - Shot Blocked by Kevin Shattenkirk.
14:22 of 1st period - Steve Montador is hit by Marcel Hossa and loses puck.
14:29 of 1st period - Snap shot by Andrew Cogliano.
14:29 of 1st period - Stopped by Carey Price with a rebound.
14:41 of 1st period - Snap shot by Joe Sakic.
14:41 of 1st period - Deflect By Clarke MacArthur.
14:41 of 1st period - Stopped by Tuukka Rask with a rebound.
14:49 of 1st period - Slapshot by Brian Lee.
14:49 of 1st period - Shot Misses the Net.
14:59 of 1st period - Wrist shot by Marcel Hossa.
14:59 of 1st period - Shot Blocked by David Jones.
15:01 of 1st period - Snap shot by Mikael Samuelsson.
15:01 of 1st period - Stopped by Carey Price without a rebound.
15:02 of 1st period - Matt Stajan wins face-off versus Travis Zajac in Canucks zone.
15:29 of 1st period - Dan Boyle is hit by Fabian Brunnstrom and loses puck.
15:36 of 1st period - Wrist shot by Fabian Brunnstrom.
15:36 of 1st period - Deflect By Maxim Lapierre.
15:36 of 1st period - Stopped by Tuukka Rask with a rebound.
15:38 of 1st period - Snap shot by Fabian Brunnstrom.
15:38 of 1st period - Shot Misses the Net.
15:40 of 1st period - Snap shot by Jeremy Williams.
15:40 of 1st period - Stopped by Tuukka Rask without a rebound.
15:41 of 1st period - Matt Stajan wins face-off versus Travis Zajac in Blues zone.
15:48 of 1st period - Peter Worrell is hit by Paul Kariya and loses puck.
16:07 of 1st period - Kevin Shattenkirk is hit by Jeremy Williams and loses puck.
16:47 of 1st period - Alex Tanguay is hit by Nigel Dawes and loses puck.
17:39 of 1st period - Snap shot by Nik Antropov.
17:39 of 1st period - Stopped by Carey Price with a rebound.
18:38 of 1st period - Wrist shot by Paul Kariya.
18:38 of 1st period - Shot Hit the Post.
18:58 of 1st period - Sergei Shirokov is hit by Andy Rogers.
19:28 of 1st period - Snap shot by Marcel Hossa.
19:28 of 1st period - Stopped by Carey Price with a rebound.
19:38 of 1st period - Slapshot by Chris Phillips.
19:38 of 1st period - Deflect By Joe Corvo.
19:38 of 1st period - Stopped by Tuukka Rask with a rebound.
Goals for this period are 0 for Canucks vs 2 for Blues.
Shots for this period are 13 for Canucks vs 11 for Blues.
2nd period
0:01 of 2nd period - Matt Stajan wins face-off versus Travis Zajac in neutral zone.
0:23 of 2nd period - Icing by Marian Hossa.
0:24 of 2nd period - Travis Zajac wins face-off versus Joe Sakic in Blues zone.
0:31 of 2nd period - Slapshot by Nik Antropov.
0:31 of 2nd period - Goal by Nik Antropov - Canucks : 0 - Blues : 3.
0:32 of 2nd period - Matt Stajan wins face-off versus Travis Zajac in neutral zone.
0:34 of 2nd period - Minor Penalty to Peter Worrell for Hooking.
0:35 of 2nd period - Nik Antropov wins face-off versus Jaromir Jagr in Canucks zone.
0:47 of 2nd period - Wrist shot by Paul Kariya.
0:47 of 2nd period - Stopped by Carey Price without a rebound.
0:48 of 2nd period - Marian Hossa wins face-off versus Jaromir Jagr in Canucks zone.
0:49 of 2nd period - Slapshot by Dan Boyle.
0:49 of 2nd period - Deflect By Paul Kariya.
0:49 of 2nd period - Stopped by Carey Price with a rebound.
0:51 of 2nd period - Snap shot by Marian Hossa.
0:51 of 2nd period - Shot Misses the Net.
0:53 of 2nd period - Slapshot by Marian Hossa.
0:53 of 2nd period - Shot Misses the Net.
0:55 of 2nd period - Snap shot by Paul Kariya.
0:55 of 2nd period - Goal by Paul Kariya - Canucks : 0 - Blues : 4.
0:55 of 2nd period - José Theodore enters game.
0:56 of 2nd period - Matt Stajan wins face-off versus Travis Zajac in neutral zone.
1:57 of 2nd period - Snap shot by Sergei Shirokov.
1:57 of 2nd period - Shot Misses the Net.
2:07 of 2nd period - Snap shot by Sergei Shirokov.
2:07 of 2nd period - Stopped by José Theodore without a rebound.
2:08 of 2nd period - Travis Zajac wins face-off versus Matt Stajan in Canucks zone.
2:34 of 2nd period - Mikael Samuelsson is hit by Steve Montador and loses puck.
2:45 of 2nd period - Snap shot by Maxim Lapierre.
2:45 of 2nd period - Shot Misses the Net.
3:18 of 2nd period - Off-side.
3:19 of 2nd period - Nils Ekman wins face-off versus Paul Kariya in neutral zone.
4:12 of 2nd period - Snap shot by Paul Kariya.
4:12 of 2nd period - Stopped by José Theodore with a rebound.
4:16 of 2nd period - Wrist shot by Travis Zajac.
4:16 of 2nd period - Shot Misses the Net.
4:18 of 2nd period - Snap shot by Dan Boyle.
4:18 of 2nd period - Stopped by José Theodore with a rebound.
4:20 of 2nd period - Slapshot by Dan Boyle.
4:20 of 2nd period - Shot Misses the Net.
4:22 of 2nd period - Snap shot by Paul Kariya.
4:22 of 2nd period - Shot Blocked by Andy Rogers.
4:31 of 2nd period - Minor Penalty to Alex Tanguay for Hooking.
4:32 of 2nd period - David Perron wins face-off versus Jaromir Jagr in Canucks zone.
4:32 of 2nd period - Slapshot by Dan Boyle.
4:32 of 2nd period - Shot Misses the Net.
4:34 of 2nd period - Snap shot by Sergei Shirokov.
4:34 of 2nd period - Shot Misses the Net.
4:36 of 2nd period - Snap shot by David Perron.
4:36 of 2nd period - Shot Blocked by Chris Phillips.
4:38 of 2nd period - Snap shot by Dan Boyle.
4:38 of 2nd period - Deflect By Steve Montador.
4:38 of 2nd period - Stopped by José Theodore without a rebound.
4:39 of 2nd period - Jaromir Jagr wins face-off versus Andrew Cogliano in Canucks zone.
4:39 of 2nd period - Jaromir Jagr is hit by Andrew Cogliano.
4:46 of 2nd period - Icing by Dan Boyle.
4:47 of 2nd period - Jaromir Jagr wins face-off versus Andrew Cogliano in Blues zone.
5:04 of 2nd period - Slapshot by Dan Boyle.
5:04 of 2nd period - Shot Blocked by Matt Stajan.
5:06 of 2nd period - Slapshot by Andrew Cogliano.
5:06 of 2nd period - Deflect By Sergei Shirokov.
5:06 of 2nd period - Goal by Sergei Shirokov - Canucks : 0 - Blues : 5.
5:07 of 2nd period - Nik Antropov wins face-off versus Matt Stajan in neutral zone.
5:10 of 2nd period - Snap shot by David Perron.
5:10 of 2nd period - Stopped by José Theodore without a rebound.
5:11 of 2nd period - Nik Antropov wins face-off versus Matt Stajan in Canucks zone.
5:12 of 2nd period - Snap shot by Sergei Shirokov.
5:12 of 2nd period - Stopped by José Theodore without a rebound.
5:13 of 2nd period - Nik Antropov wins face-off versus Matt Stajan in Canucks zone.
5:20 of 2nd period - Snap shot by Nik Antropov.
5:20 of 2nd period - Stopped by José Theodore without a rebound.
5:21 of 2nd period - Travis Zajac wins face-off versus Matt Stajan in Canucks zone.
5:28 of 2nd period - Wrist shot by Travis Zajac.
5:28 of 2nd period - Stopped by José Theodore without a rebound.
5:29 of 2nd period - Travis Zajac wins face-off versus Matt Stajan in Canucks zone.
5:40 of 2nd period - Wrist shot by Matt Stajan.
5:40 of 2nd period - Shot Misses the Net.
5:51 of 2nd period - Icing by Brian Lee.
5:52 of 2nd period - Travis Zajac wins face-off versus Joe Sakic in Blues zone.
5:57 of 2nd period - David Jones is hit by Sergei Shirokov and loses puck.
6:39 of 2nd period - Wrist shot by Alex Tanguay.
6:39 of 2nd period - Deflect By Brandon Dubinsky.
6:39 of 2nd period - Shot Misses the Net.
6:39 of 2nd period - Puck is out of play.
6:40 of 2nd period - Andrew Cogliano wins face-off versus Brandon Dubinsky in Blues zone.
6:40 of 2nd period - Andrew Cogliano is hit by Brandon Dubinsky.
7:05 of 2nd period - Steve Montador is hit by Dan Boyle and loses puck.
7:28 of 2nd period - Slapshot by David Jones.
7:28 of 2nd period - Goal by David Jones - Canucks : 1 - Blues : 5.
7:29 of 2nd period - Matt Stajan wins face-off versus Travis Zajac in neutral zone.
7:38 of 2nd period - Slapshot by Dan Boyle.
7:38 of 2nd period - Shot Blocked by Matt Stajan.
7:40 of 2nd period - Snap shot by Travis Zajac.
7:40 of 2nd period - Shot Misses the Net.
7:42 of 2nd period - Wrist shot by Dan Boyle.
7:42 of 2nd period - Stopped by José Theodore without a rebound.
7:42 of 2nd period - Minor Penalty to Paul Kariya for Hooking.
7:43 of 2nd period - Matt Stajan wins face-off versus Nik Antropov in Blues zone.
8:34 of 2nd period - Snap shot by Marian Hossa.
8:34 of 2nd period - Stopped by José Theodore with a rebound.
8:36 of 2nd period - Slapshot by Bryce Lampman.
8:36 of 2nd period - Deflect By Peter Worrell.
8:36 of 2nd period - Stopped by José Theodore without a rebound.
8:37 of 2nd period - Nik Antropov wins face-off versus Joe Sakic in Canucks zone.
8:50 of 2nd period - Slapshot by David Jones.
8:50 of 2nd period - Stopped by Tuukka Rask with a rebound.
8:52 of 2nd period - Slapshot by Sami Lepisto.
8:52 of 2nd period - Goal by Sami Lepisto - Canucks : 2 - Blues : 5.
8:53 of 2nd period - Travis Zajac wins face-off versus Peter Worrell in neutral zone.
8:56 of 2nd period - Matt Stajan is hit by Marian Hossa and loses puck.
10:11 of 2nd period - Backhand shot by Nigel Dawes.
10:11 of 2nd period - Shot Misses the Net.
11:11 of 2nd period - Wrist shot by Alex Tanguay.
11:11 of 2nd period - Shot Misses the Net.
11:13 of 2nd period - Wrist shot by Sami Lepisto.
11:13 of 2nd period - Shot Blocked by Mikael Samuelsson.
11:15 of 2nd period - Slapshot by Sami Lepisto.
11:15 of 2nd period - Stopped by Tuukka Rask without a rebound.
11:16 of 2nd period - Travis Zajac wins face-off versus Brandon Dubinsky in Blues zone.
11:23 of 2nd period - Wrist shot by Nils Ekman.
11:23 of 2nd period - Deflect By Brandon Dubinsky.
11:23 of 2nd period - Shot Misses the Net.
11:23 of 2nd period - Puck is out of play.
11:24 of 2nd period - Matt Stajan wins face-off versus Travis Zajac in Blues zone.
11:24 of 2nd period - Marian Hossa beats up Peter Worrell.
11:24 of 2nd period - Penalty to Marian Hossa for Fighting.
11:24 of 2nd period - Penalty to Peter Worrell for Fighting.
11:25 of 2nd period - Travis Zajac wins face-off versus Matt Stajan in Blues zone.
11:25 of 2nd period - Travis Zajac is hit by Steve Montador.
11:35 of 2nd period - Snap shot by Matt Stajan.
11:35 of 2nd period - Stopped by Tuukka Rask with a rebound.
11:37 of 2nd period - Slapshot by Chris Phillips.
11:37 of 2nd period - Shot Blocked by Bryce Lampman.
11:39 of 2nd period - Slapshot by Chris Phillips.
11:39 of 2nd period - Deflect By Fabian Brunnstrom.
11:39 of 2nd period - Deflect By Travis Zajac.
11:39 of 2nd period - Canucks goal is going for a video replay.
11:39 of 2nd period - The goal is refused. The net was displaced accidentally..
11:40 of 2nd period - Nik Antropov wins face-off versus Joe Sakic in Blues zone.
11:42 of 2nd period - Minor Penalty to Dan Boyle for Tripping.
11:43 of 2nd period - Nik Antropov wins face-off versus Matt Stajan in Blues zone.
11:43 of 2nd period - Brian Lee is hit by Fabian Brunnstrom and loses puck.
11:53 of 2nd period - Backhand shot by Fabian Brunnstrom.
11:53 of 2nd period - Goal by Fabian Brunnstrom - Canucks : 3 - Blues : 5.
11:54 of 2nd period - Nik Antropov wins face-off versus Matt Stajan in neutral zone.
12:19 of 2nd period - Paul Kariya is hit by David Jones.
13:16 of 2nd period - Snap shot by Fabian Brunnstrom.
13:16 of 2nd period - Shot Misses the Net.
13:38 of 2nd period - Wrist shot by David Jones.
13:38 of 2nd period - Stopped by Tuukka Rask with a rebound.
13:50 of 2nd period - Drew Fata is hit by David Jones and loses puck.
14:00 of 2nd period - Drew Fata is hit by Chris Phillips and loses puck.
14:11 of 2nd period - Slapshot by Chris Phillips.
14:11 of 2nd period - Stopped by Tuukka Rask with a rebound.
14:52 of 2nd period - Wrist shot by Joe Sakic.
14:52 of 2nd period - Shot Misses the Net.
16:04 of 2nd period - David Perron is hit by Alex Tanguay and loses puck.
16:39 of 2nd period - Minor Penalty to Brian Lee for Hooking.
16:40 of 2nd period - Matt Stajan wins face-off versus Nik Antropov in Blues zone.
17:12 of 2nd period - Joe Corvo is hit by Chris Phillips and loses puck.
18:39 of 2nd period - Penalty to Brian Lee is over, Brian Lee is back on ice.
18:43 of 2nd period - Drew Fata is hit by Peter Worrell and loses puck.
18:58 of 2nd period - Sami Lepisto is hit by Travis Zajac and loses puck.
19:58 of 2nd period - Icing by Brian Lee.
19:59 of 2nd period - Nik Antropov wins face-off versus Joe Sakic in Blues zone.
19:59 of 2nd period - Nik Antropov is hit by Joe Sakic.
Goals for this period are 3 for Canucks vs 3 for Blues.
Shots for this period are 9 for Canucks vs 16 for Blues.
3rd period
0:01 of 3rd period - Matt Stajan wins face-off versus Travis Zajac in neutral zone.
0:50 of 3rd period - Marcel Hossa is hit by Maxim Lapierre and loses puck.
0:57 of 3rd period - Snap shot by Fabian Brunnstrom.
0:57 of 3rd period - Stopped by Tuukka Rask without a rebound.
0:58 of 3rd period - Travis Zajac wins face-off versus Matt Stajan in Blues zone.
1:06 of 3rd period - Minor Penalty to Peter Worrell for Slashing.
1:07 of 3rd period - Jaromir Jagr wins face-off versus Nik Antropov in Canucks zone.
1:11 of 3rd period - Off-side.
1:12 of 3rd period - Jaromir Jagr wins face-off versus Nik Antropov in neutral zone.
3:06 of 3rd period - Penalty to Peter Worrell is over, Peter Worrell is back on ice.
3:16 of 3rd period - Kevin Shattenkirk is hit by Joe Sakic and loses puck.
3:32 of 3rd period - Slapshot by Brian Lee.
3:32 of 3rd period - Stopped by José Theodore with a rebound.
3:34 of 3rd period - Wrist shot by Sergei Shirokov.
3:34 of 3rd period - Stopped by José Theodore with a rebound.
3:36 of 3rd period - Slapshot by Travis Zajac.
3:36 of 3rd period - Deflect By David Perron.
3:36 of 3rd period - Stopped by José Theodore with a rebound.
3:54 of 3rd period - Backhand shot by Sergei Shirokov.
3:54 of 3rd period - Stopped by José Theodore with a rebound.
3:56 of 3rd period - Slapshot by Brian Lee.
3:56 of 3rd period - Deflect By David Perron.
3:56 of 3rd period - Stopped by José Theodore without a rebound.
3:57 of 3rd period - Andrew Cogliano wins face-off versus Matt Stajan in Canucks zone.
4:15 of 3rd period - Minor Penalty to Matt Stajan for Holding.
4:16 of 3rd period - Nik Antropov wins face-off versus Jaromir Jagr in Canucks zone.
5:48 of 3rd period - Snap shot by Marcel Hossa.
5:48 of 3rd period - Shot Misses the Net.
6:15 of 3rd period - Penalty to Matt Stajan is over, Matt Stajan is back on ice.
6:20 of 3rd period - Matt Stajan is hit by Andrew Cogliano and loses puck.
6:32 of 3rd period - Maxim Lapierre is hit by Brian Lee.
6:37 of 3rd period - Icing by Brian Lee.
6:38 of 3rd period - Kevin Porter wins face-off versus Clarke MacArthur in Blues zone.
6:43 of 3rd period - Snap shot by Clarke MacArthur.
6:43 of 3rd period - Shot Blocked by Kevin Shattenkirk.
7:03 of 3rd period - Nigel Dawes is hit by Peter Worrell and loses puck.
7:45 of 3rd period - Chris Phillips is hit by Travis Zajac and loses puck.
8:40 of 3rd period - Mikael Samuelsson is hit by Peter Worrell and loses puck.
8:57 of 3rd period - Slapshot by Marian Hossa.
8:57 of 3rd period - Shot Blocked by Andy Rogers.
9:01 of 3rd period - Wrist shot by Paul Kariya.
9:01 of 3rd period - Stopped by José Theodore with a rebound.
9:03 of 3rd period - Snap shot by Paul Kariya.
9:03 of 3rd period - Goal by Paul Kariya - Canucks : 3 - Blues : 6.
9:04 of 3rd period - Matt Stajan wins face-off versus Travis Zajac in neutral zone.
9:13 of 3rd period - Snap shot by Jaromir Jagr.
9:13 of 3rd period - Shot Misses the Net.
9:15 of 3rd period - Slapshot by Steve Montador.
9:15 of 3rd period - Shot Blocked by Dan Boyle.
9:56 of 3rd period - Snap shot by Fabian Brunnstrom.
9:56 of 3rd period - Stopped by Tuukka Rask with a rebound.
10:16 of 3rd period - Snap shot by Matt Stajan.
10:16 of 3rd period - Shot Misses the Net.
10:18 of 3rd period - Slapshot by Matt Stajan.
10:18 of 3rd period - Stopped by Tuukka Rask without a rebound.
10:19 of 3rd period - Joe Sakic wins face-off versus Travis Zajac in Blues zone.
11:10 of 3rd period - Snap shot by Fabian Brunnstrom.
11:10 of 3rd period - Shot Misses the Net.
11:12 of 3rd period - Snap shot by Jeremy Williams.
11:12 of 3rd period - Shot Misses the Net.
11:14 of 3rd period - Slapshot by Kim Johnsson.
11:14 of 3rd period - Stopped by Tuukka Rask without a rebound.
11:15 of 3rd period - Travis Zajac wins face-off versus Matt Stajan in Blues zone.
11:26 of 3rd period - Snap shot by Matt Stajan.
11:26 of 3rd period - Deflect By Peter Worrell.
11:26 of 3rd period - Shot Misses the Net.
11:26 of 3rd period - Puck is out of play.
11:27 of 3rd period - Matt Stajan wins face-off versus Travis Zajac in Blues zone.
11:53 of 3rd period - Chris Phillips is hit by Sergei Shirokov and loses puck.
12:09 of 3rd period - Wrist shot by Maxim Lapierre.
12:09 of 3rd period - Stopped by Tuukka Rask with a rebound.
12:11 of 3rd period - Slapshot by Jeremy Williams.
12:11 of 3rd period - Stopped by Tuukka Rask with a rebound.
12:13 of 3rd period - Slapshot by Chris Phillips.
12:13 of 3rd period - Deflect By Maxim Lapierre.
12:13 of 3rd period - Shot Misses the Net.
12:13 of 3rd period - Puck is out of play.
12:14 of 3rd period - Maxim Lapierre wins face-off versus Andrew Cogliano in Blues zone.
12:38 of 3rd period - Jeremy Williams is hit by Bryce Lampman and loses puck.
13:09 of 3rd period - Slapshot by Kevin Shattenkirk.
13:09 of 3rd period - Shot Blocked by Jeremy Williams.
13:11 of 3rd period - Wrist shot by Mikael Samuelsson.
13:11 of 3rd period - Shot Blocked by Kim Johnsson.
13:13 of 3rd period - Snap shot by Mikael Samuelsson.
13:13 of 3rd period - Deflect By Marcel Hossa.
13:13 of 3rd period - Shot Blocked by Sami Lepisto.
13:13 of 3rd period - Puck is out of play.
13:14 of 3rd period - Matt Stajan wins face-off versus Travis Zajac in Canucks zone.
13:39 of 3rd period - Dan Boyle is hit by Joe Sakic and loses puck.
14:07 of 3rd period - Minor Penalty to Nils Ekman for Charging.
14:08 of 3rd period - Jaromir Jagr wins face-off versus Nik Antropov in Canucks zone.
14:15 of 3rd period - Chris Phillips is hit by Paul Kariya and loses puck.
16:07 of 3rd period - Penalty to Nils Ekman is over, Nils Ekman is back on ice.
16:36 of 3rd period - Andy Rogers is hit by Brian Lee and loses puck.
16:49 of 3rd period - Wrist shot by Marcel Hossa.
16:49 of 3rd period - Stopped by José Theodore with a rebound.
17:33 of 3rd period - Snap shot by Fabian Brunnstrom.
17:33 of 3rd period - Stopped by Tuukka Rask with a rebound.
18:07 of 3rd period - Sami Lepisto is hit by Joe Corvo and loses puck.
18:21 of 3rd period - Minor Penalty to Joe Sakic for Holding Stick.
18:22 of 3rd period - Jaromir Jagr wins face-off versus Nik Antropov in Canucks zone.
18:53 of 3rd period - Snap shot by David Perron.
18:53 of 3rd period - Deflect By Travis Zajac.
18:53 of 3rd period - Shot Misses the Net.
18:53 of 3rd period - Puck is out of play.
18:54 of 3rd period - Peter Worrell wins face-off versus Nik Antropov in Canucks zone.
19:57 of 3rd period - Minor Penalty to Maxim Lapierre for Holding.
19:58 of 3rd period - Jaromir Jagr wins face-off versus Travis Zajac in Canucks zone.
Goals for this period are 0 for Canucks vs 1 for Blues.
Shots for this period are 7 for Canucks vs 8 for Blues.
Output by the SimonT Hockey Simulator (STHS) for François Prévost -- Original Page W3C XHTML 1.0 Valid